 Dungeon Crawl Stone Soup version 0.28-a0-664-gc179e30c89 (webtiles) character file.

Game seed: 6253662481350636167

13314 jdsmith2816 the Grappler (level 11, -1/111 HPs)
             Began as a Troll Monk on Oct 16, 2021.
             Splashed by a brown ugly thing's acid (8 damage)
             ... on level 14 of the Dungeon.
             The game lasted 00:43:13 (11007 turns).

jdsmith2816 the Grappler (Troll Monk)              Turns: 11007, Time: 00:43:13

Health: -1/111     AC: 11    Str: 21    XL:     11   Next: 73%
Magic:  10/10      EV: 13    Int:  6    God:
Gold:   814        SH: 11    Dex: 21    Spells: 10/10 levels left

rFire   . . .      SeeInvis +     - Unarmed
rCold   x . .      Faith    .   h - +0 kite shield
rNeg    . . .      Spirit   .   z - +2 troll leather armour
rPois   +          Reflect  .   (helmet restricted)
rElec   .          Harm     .   c - +2 cloak
rCorr   .          Rampage  .   (gloves unavailable)
Will    ++...                   (boots unavailable)
Stlth   ++........              (no amulet)
HPRegen 2.28/turn               e - ring "Quitelas" {rPois rC- Will++ Dex+6 SInv}
MPRegen 0.12/turn               L - ring of flight

@: flying
A: large, unfitting armour, claws 3, regeneration 1, shaggy fur 1, tough skin 1
a: no special abilities


You were on level 14 of the Dungeon.
You visited 2 branches of the dungeon, and saw 13 of its levels.

You collected 814 gold pieces.


Innate Abilities, Weirdness & Mutations

You are too large for most types of armour.
You have claws for hands.
Your natural rate of healing is unusually fast.
You are covered in fur. (AC +1)
You have tough skin. (AC +1)


   Skills:
 * Level 8.1 Fighting
 + Level 7.4 Dodging
 - Level 1.0 Stealth
 + Level 5.7 Shields
 + Level 11.4 Unarmed Combat
 - Level 5.0 Evocations


You had 10 spell levels left.
You didn't know any spells.
Your spell library contained the following spells:

 Spells                   Type           Power      Damage    Failure   Level
 Sandblast                Erth           0%         2d4       75%         1
 Sting                    Tmut/Pois      0%         1d3       75%         1
 Summon Small Mammal      Summ           0%         N/A       75%         1
 Ensorcelled Hibernation  Hex/Ice        0%         N/A       87%         2
 Passwall                 Tmut/Erth      0%         N/A       87%         2
 Poisonous Vapours        Pois/Air       0%         N/A       87%         2
 Call Canine Familiar     Summ           0%         N/A       98%         3
 Inner Flame              Hex/Fire       0%         N/A       98%         3
 Stone Arrow              Conj/Erth      0%         3d7       98%         3
 Summon Guardian Golem    Hex/Summ       0%         N/A       98%         3
 Tukima's Dance           Hex            0%         N/A       98%         3
 Cause Fear               Hex            0%         N/A       100%        4
 Olgreb's Toxic Radiance  Pois           0%         N/A       100%        4
 Conjure Ball Lightning   Conj/Air       0%         3x3d6     100%        6
 Discord                  Hex            0%         N/A       100%        8
 Disjunction              Tloc           0%         N/A       100%        8

Inventory:

Missiles
 b - 5 large rocks (quivered) {=f}
 k - a throwing net {=f}
 l - 8 boomerangs
 o - 3 boomerangs of dispersal {=f}
Armour
 c - a +2 cloak (worn)
 h - a +0 kite shield (worn)
 z - a +2 troll leather armour (worn)
Magical Staves
 a - a staff of death {!a}
Jewellery
 e - the ring "Quitelas" (left claw) {rPois rC- Will++ Dex+6 SInv}
   (You found it on level 5 of the Dungeon)

   [ring of dexterity]

   Dex:       It affects your dexterity (+6).
   rC:        It makes you vulnerable to cold.
   rPois:     It protects you from poison.
   SInv:      It lets you see invisible.
   Will:      It greatly increases your willpower.
 f - a ring of protection from fire
 L - a ring of flight (right claw)
Wands
 i - a wand of flame (26)
 j - a wand of mindburst (14)
 r - a wand of paralysis (27)
 w - a wand of digging (4)
 y - a wand of polymorph (9)
 C - a wand of acid (5)
Scrolls
 p - a scroll of holy word
 v - a scroll of fog
 A - a scroll of identify {@r1}
 E - a scroll of acquirement {unknown}
Potions
 d - a potion of lignification {unknown}
 g - 2 potions of flight {unknown}
 m - a potion of cancellation {unknown}
 n - 6 potions of curing {@q1}
 q - 3 potions of attraction
 s - 4 potions of brilliance
 t - a potion of might {unknown}
 u - 5 potions of ambrosia
 D - a potion of berserk rage {!q}

Dungeon Overview and Level Annotations

Branches:
Dungeon (11/15)            Temple (1/1) D:6            Lair (0/6) D:8
    Orc (0/2) D:9

Altars:
Ashenzari
Cheibriados
Dithmenos
Elyvilon
Fedhas
Gozag
Hepliaklqana
Kikubaaqudgha
Makhleb
Nemelex Xobeh
Okawaru
Qazlal
Ru
Sif Muna
Trog
Uskayaw
Vehumet
Wu Jian
Xom
Yredelemnul
Zin
The Shining One

Shops:
D:9

(
..........................#
.####.####...............
.#†......#.........##..#
.#.......#.........#.#.#
.#†...†..#.......cc.#c#
.u...⚑.........##zc#c#
.#.†)....#...##.#z#z##
.#.u.....#..##.u#uc##
.#..z....#.## #@z##
#####.####.# #### #.zz.z.#
########


You could see 2 ugly things, 4 skeletal warriors, a centaur warrior and 5
centaurs.


Message History

* * * LOW HITPOINT WARNING * * *
The centaur shoots an arrow.
The arrow closely misses you.
You feel much better.
The centaur wields a +0 shortbow.
The centaur shoots an arrow.
The arrow hits you.
* * * LOW HITPOINT WARNING * * *
The skeletal warrior hits you with a +0 vorpal dire flail!!
* * * LOW HITPOINT WARNING * * *
x2 You block the skeletal warrior's attack.
The centaur warrior shoots an arrow.
The arrow hits you!!
* * * LOW HITPOINT WARNING * * *
You block the skeletal warrior's attack.
You block the skeletal warrior's attack.
The brown ugly thing bites you but does no damage.
You mangle the brown ugly thing!!
The brown ugly thing is moderately wounded.
The brown ugly thing barely misses you. The skeletal warrior misses you.
You block the skeletal warrior's attack.
The brown ugly thing barely misses you.
You barely miss the brown ugly thing.
The brown ugly thing is moderately wounded.
You block the brown ugly thing's attack.
The skeletal warrior barely misses you.
The skeletal warrior hits you from afar with a +0 glaive!
* * * LOW HITPOINT WARNING * * *
You mangle the brown ugly thing!!
The brown ugly thing is heavily wounded.
The brown ugly thing bites you!
* * * LOW HITPOINT WARNING * * *
You are splashed with acid!
You die...

Skill      XL: |  1  2  3  4  5  6  7  8  9 10 11 |
---------------+----------------------------------+-----
Unarmed Combat | 4 5 6 7 8 10 11 | 11.4
Fighting       | 3 4 5 6 8 |  8.1
Dodging        | 3 4 5 6 7 |  7.4
Shields        | 2 4 5 |  5.7
Evocations     | 5 |  5.0
Stealth        | |  1.0

Action                   |  1- 3 |  4- 6 |  7- 9 | 10-12 || total
-------------------------+-------+-------+-------+-------++-------
Melee: Unarmed           |    66 |   130 |   258 |   380 ||   834
       Punch             |     1 |     2 |     1 |       ||     4
Throw: Boomerang         |       |     4 |       |       ||     4
       Large rock        |       |       |       |    11 ||    11
       Throwing net      |       |       |       |     1 ||     1
Evoke: Wand              |       |       |       |     6 ||     6
  Use: Scroll            |       |     6 |     9 |     7 ||    22
       Potion            |       |     1 |     1 |     6 ||     8
 Stab: Sleeping          |     3 |     2 |     1 |     4 ||    10
       Distracted        |       |       |     1 |       ||     1
Armor: Robe              |    19 |    53 |    71 |    20 ||   163
       Troll leather arm |       |       |       |    86 ||    86
Dodge: Dodged            |    18 |    78 |   106 |   161 ||   363
Block: Kite shield       |       |       |    94 |   196 ||   290

Levels and vault maps discovered:
D:1:      roderic_octagonal_star, layout_basic, ebering_ecumenical_altar_box
D:2:      layout_loops_corners
D:3:      layout_loops_ring, overflow_temple_1_default, trog_hazing_becter,
          serial_aquarium, aquarium_bridge_island_small
          [aquarium_subvault_small_open, aquarium_subvault_bridge,
          aquarium_subvault_window, aquarium_subvault_wall,
          aquarium_subvault_window], aquarium_window_2, aquarium_window_1,
          aquarium_window_2, aquarium_view_2d, aquarium_view_4,
          grunt_ministairs_15, kennysheep_nondescript, minmay_pentomino_pile
D:4:      layout_cave_pools, mainiacjoe_overflow_divided_tiny,
          minmay_misc_feat_x, uniq_robin, uniq_pikel, uniq_blork_the_orc
D:5:      layout_loops_ring, uniq_eustachio, uniq_grinder
D:6:      layout_cave_pods, ashenzari_conservatory_becter,
          minmay_temple_entry_large_hall, serial_glass, glass_columns_b,
          glass_columns_b, due_unseen_surprise, item_on_display_a,
          nicolae_lava_and_water, minmay_holes, minmay_misc_feat_diagonals
D:7:      layout_cave_pools, makhleb_blood_cavern_becter,
          mainiacjoe_overflow_tiny_flanked, lemuel_coloured_pillars_altar,
          hangedman_decor_points, kennysheep_generic_room_3
D:8:      layout_layer_cave, nemelex_xobeh_ov_fountains_minmay,
          dpeg_lair_monsters
D:9:      layout_basic, palyth_temple_overflow_mages, erik_orc_3, special_room
          [special_room_bee], serial_shops, nicolae_stop_n_shop_2
D:10:     minmay_general_purpose_star, layout_basic
D:11:     layout_basic, roderic_lattice_a, nicolae_vehumet_altar_sigil
D:14:     layout_big_octagon, nicolae_uskayaw_murder_on_the_dancefloor,
          ebering_ghost_reflecting_pool
Temple:   eino_temple_lava

Notes
Turn   | Place    | Note
-------+----------+-------------------------------------------
     0 | D:1      | jdsmith2816 the Troll Monk began the quest for the Orb.
     0 | D:1      | Reached XP level 1. HP: 22/22 MP: 0/0
   132 | D:1      | Reached XP level 2. HP: 29/29 MP: 1/1
   333 | D:1      | Found a faded altar of an unknown god.
   391 | D:1      | Reached XP level 3. HP: 33/36 MP: 2/2
  1346 | D:2      | Reached skill level 4 in Unarmed Combat
  1610 | D:3      | Reached XP level 4. HP: 44/44 MP: 3/3
  1728 | D:3      | Reached skill level 3 in Fighting
  1728 | D:3      | Reached skill level 3 in Dodging
  2087 | D:3      | Found a shadowy altar of Dithmenos.
  2262 | D:3      | Found a bloodstained altar of Trog.
  2279 | D:3      | Reached XP level 5. HP: 53/53 MP: 4/4
  2804 | D:4      | Reached skill level 5 in Unarmed Combat
  2816 | D:4      | Noticed Robin
  2859 | D:3      | Killed Robin
  2879 | D:4      | Reached XP level 6. HP: 61/61 MP: 5/5
  2926 | D:4      | Noticed Pikel
  3019 | D:3      | Killed Pikel
  3020 | D:3      | Reached skill level 4 in Fighting
  3020 | D:3      | Reached skill level 4 in Dodging
  3020 | D:3      | Reached skill level 6 in Unarmed Combat
  3020 | D:3      | Reached XP level 7. HP: 46/70 MP: 6/6
  3079 | D:4      | Noticed Blork the orc
  3088 | D:4      | Killed Blork the orc
  3109 | D:4      | Found a white marble altar of Elyvilon.
  3109 | D:4      | Found an ornate altar of the Wu Jian Council.
  3713 | D:5      | Entered Level 5 of the Dungeon
  3723 | D:5      | Identified the ring "Quitelas" {rPois rC- Will++ Dex+6
                  | SInv}
  3725 | D:5      | Noticed Grinder
  4000 | D:5      | Killed Grinder
  4001 | D:5      | Reached skill level 7 in Unarmed Combat
  4001 | D:5      | Reached XP level 8. HP: 63/79 MP: 7/7
  4051 | D:5      | Reached skill level 1 in Shields
  4186 | D:5      | Noticed Eustachio
  4261 | D:4      | Killed Eustachio
  4482 | D:6      | Found a staircase to the Ecumenical Temple.
  4527 | Temple   | Entered the Ecumenical Temple
  4630 | D:6      | Reached skill level 5 in Dodging
  4630 | D:6      | Reached skill level 2 in Shields
  4630 | D:6      | Reached skill level 8 in Unarmed Combat
  4630 | D:6      | Found a broken altar of Ashenzari.
  4640 | D:6      | Reached skill level 5 in Fighting
  5054 | D:6      | Reached XP level 9. HP: 85/88 MP: 8/8
  5644 | D:7      | Reached skill level 3 in Shields
  5658 | D:7      | Reached skill level 9 in Unarmed Combat
  5705 | D:7      | Found a glowing silver altar of Zin.
  5880 | D:7      | Found a burning altar of Makhleb.
  6004 | D:7      | Found a blossoming altar of Fedhas.
  6261 | D:8      | Found a staircase to the Lair.
  6261 | D:8      | Noticed a death yak
  6358 | D:8      | Found a sparkling altar of Nemelex Xobeh.
  6499 | D:8      | Noticed a death yak
  6499 | D:8      | Noticed a death yak
  6574 | D:7      | Killed a death yak
  6575 | D:7      | Reached skill level 6 in Fighting
  6575 | D:7      | Reached skill level 6 in Dodging
  6664 | D:7      | Killed a death yak
  6665 | D:7      | Reached skill level 4 in Shields
  6665 | D:7      | Reached skill level 10 in Unarmed Combat
  6665 | D:7      | Reached XP level 10. HP: 68/98 MP: 9/9
  6763 | D:7      | Killed a death yak
  8074 | D:9      | Reached skill level 1 in Evocations
  8207 | D:9      | Reached skill level 2 in Evocations
  8259 | D:9      | Found a staircase to the Orcish Mines.
  8479 | D:9      | Noticed a centaur warrior
  8487 | D:9      | Killed a centaur warrior
  8488 | D:9      | Reached skill level 3 in Evocations
  8538 | D:9      | Reached skill level 4 in Evocations
  8622 | D:9      | Found a shimmering blue altar of Sif Muna.
  8630 | D:9      | Got Sif Muna's Reference Book on Creation
  8638 | D:9      | Found an ancient bone altar of Kikubaaqudgha.
  8651 | D:9      | Found a radiant altar of Vehumet.
  8669 | D:9      | Found Juixiusi's Antique Weapon Emporium.
  9098 | D:9      | Reached skill level 5 in Evocations
  9117 | D:9      | Reached XP level 11. HP: 107/107 MP: 10/10
  9373 | D:10     | Entered Level 10 of the Dungeon
  9396 | D:10     | Reached skill level 7 in Fighting
  9519 | D:9      | Reached skill level 5 in Shields
  9576 | D:10     | Reached skill level 11 in Unarmed Combat
  9629 | D:10     | Noticed a two-headed ogre
  9634 | D:10     | Killed a two-headed ogre
  9635 | D:10     | Reached skill level 7 in Dodging
 10092 | D:10     | Noticed a two-headed ogre
 10095 | D:10     | Killed a two-headed ogre
 10658 | D:11     | Noticed a five-headed hydra
 10727 | D:10     | Killed a five-headed hydra
 10728 | D:10     | Reached skill level 8 in Fighting
 10931 | D:11     | You are sucked into a shaft and drop 3 floors!
 10931 | D:14     | Noticed a red ugly thing
 10931 | D:14     | Noticed a red ugly thing
 10931 | D:14     | Noticed a red ugly thing
 10931 | D:14     | Noticed a red ugly thing
 10931 | D:14     | Noticed a centaur warrior
 10931 | D:14     | Noticed an eight-headed hydra
 10931 | D:14     | Noticed a skeletal warrior
 10931 | D:14     | Noticed a skeletal warrior
 10931 | D:14     | Noticed a skeletal warrior
 10931 | D:14     | Noticed a skeletal warrior
 10931 | D:14     | Noticed a skeletal warrior
 10931 | D:14     | Noticed a four-headed hydra
 10932 | D:14     | Noticed a deep elf pyromancer
 10934 | D:14     | Noticed a purple ugly thing
 10934 | D:14     | Noticed a purple ugly thing
 10934 | D:14     | Noticed a purple ugly thing
 10934 | D:14     | Noticed a purple ugly thing
 10934 | D:14     | Noticed a brown ugly thing
 10947 | D:14     | Noticed a deep elf pyromancer
 10949 | D:14     | Noticed a brown ugly thing
 10952 | D:14     | Noticed a brown ugly thing
 10952 | D:14     | Noticed a brown ugly thing
 10965 | D:14     | HP: 7/111 [fire elemental[a deep elf pyromancer] (11)]
 10971 | D:14     | HP: 5/111 [fire elemental[a deep elf pyromancer] (8)]
 10975 | D:14     | Found a hide-covered altar of Uskayaw.
 10979 | D:14     | Killed a white ugly thing
 10979 | D:14     | HP: 10/111 [skeletal warrior[a skeletal warrior] (20)]
 11007 | D:14     | HP: 7/111 [brown ugly thing (7)]
 11007 | D:14     | Splashed by a brown ugly thing's acid

Vanquished Creatures
  A hydra (D:10)
  A centaur warrior (D:9)
  3 death yaks (D:7)
  2 two-headed ogres (D:10)
  Pikel (D:3)
  2 cyclopes
  A gargoyle (D:11)
  A komodo dragon (D:11)
  A queen bee (D:9)
  A troll (D:9)
  Grinder (D:5)
  2 vampires
  2 wraiths
  A shadow (D:10)
  4 yaks (D:9)
  Eustachio (D:4)
  A steam dragon (D:7)
  An acid dragon (D:8)
  2 water moccasins
  5 orc warriors
  2 ice beasts (D:6)
  A sky beast (D:8)
  2 necrophages
  4 ogres
  2 kobold brigands
  Blork the orc (D:4)
  A bullfrog (D:7)
  A scorpion (D:3)
  2 gnoll sergeants
  A water moccasin zombie (D:4)
  23 killer bees (D:9)
  5 wights (D:6)
  4 howler monkeys
  3 centaur zombies
  A gnoll shaman (D:10)
  A jelly (D:5)
  A bullfrog skeleton (D:6)
  A centaur skeleton (D:3)
  3 hounds
  6 orc priests
  2 iguanas (D:5)
  15 orc wizards
  A hell rat (D:8)
  A hound zombie (D:5)
  2 hound skeletons
  Robin (D:3)
  12 gnolls
  3 river rats (D:8)
  8 adders
  A shadow imp (D:6)
  A white imp (D:7)
  7 dart slugs
  31 orcs
  8 ball pythons
  9 endoplasms
  5 giant cockroaches
  19 goblins
  11 hobgoblins
  2 quokkas
  4 bats
  3 frilled lizards
  14 kobolds
  7 rats
266 creatures vanquished.

Vanquished Creatures (others)
  An ugly thing (D:14)
1 creature vanquished.

Grand Total: 267 creatures vanquished

Table legend: (Time is in decaauts)
 A = Elapsed time spent in this place.
 B = Non-inter-level travel time spent in this place.
 C = Inter-level travel time spent in this place.
 D = Time resting spent in this place.
 E = Time spent auto-exploring this place.
 F = Levels seen in this place.
 G = Mean time per level.
                   A        B        C        D        E       F      G
               +--------+--------+--------+--------+--------+-----+--------+
         Total |  10996 |  10642 |    354 |   1249 |   6533 |  13 |  845.8 |
       Dungeon |  10917 |  10565 |    352 |   1249 |   6470 |  12 |  909.8 |
        Temple |     79 |     77 |      2 |      0 |     63 |   1 |   79.0 |
               +--------+--------+--------+--------+--------+-----+--------+

Top non-repeatable levels by time:
     D:9: 1812 daAuts
     D:8: 1459 daAuts
     D:3: 1274 daAuts
    D:10: 1012 daAuts
     D:7: 937 daAuts
     D:6: 902 daAuts
     D:4: 821 daAuts
     D:2: 813 daAuts
     D:5: 799 daAuts
     D:1: 786 daAuts
    D:11: 221 daAuts
  Temple: 79 daAuts
    D:14: 75 daAuts

Table legend:
 A = Non-vault XP
 B = Vault XP
 C = Vault XP percentage of total XP
 D = Non-vault monster count
 E = Vault monster count
 F = Vault count percentage of total count
                 A         B        C        D         E       F
            +---------+---------+-------+---------+---------+-------
      Total |   11871 |    7149 |  37.6 |     176 |      90 |  33.8
            +---------+---------+-------+---------+---------+-------
        D:1 |      50 |       0 |   0.0 |      26 |       0 |   0.0
        D:2 |      36 |       0 |   0.0 |       9 |       0 |   0.0
        D:3 |     171 |     693 |  80.2 |      18 |      24 |  57.1
        D:4 |     185 |     291 |  61.1 |      17 |       3 |  15.0
        D:5 |     378 |     258 |  40.6 |       9 |       1 |  10.0
        D:6 |    1062 |       0 |   0.0 |      20 |       0 |   0.0
        D:7 |     458 |    2666 |  85.3 |       7 |       6 |  46.2
        D:8 |     919 |      78 |   7.8 |      19 |       8 |  29.6
        D:9 |    3194 |    2371 |  42.6 |      20 |      45 |  69.2
       D:10 |    3736 |     792 |  17.5 |      18 |       3 |  14.3
       D:11 |    1682 |       0 |   0.0 |      13 |       0 |   0.0
            +---------+---------+-------+---------+---------+-------
